 Dungeon Crawl Stone Soup version 0.24.0-125-gc4c63601f3 (webtiles) character file.

Game seed: 9163012425586512003, levelgen mode: deterministic

11846 Ereth the Severer (level 11, -5/96 (99) HPs)
             Began as a Hill Orc Abyssal Knight on Feb 28, 2020.
             Was a High Priest of Lugonu.
             Slain by a shadow (27 damage)
             ... on level 10 of the Dungeon on Mar 1, 2020.
             The game lasted 00:37:58 (15590 turns).

Ereth the Severer (Hill Orc Abyssal Knight)        Turns: 15590, Time: 00:37:59

HP:   -5/96 (99)    AC:  0    Str: 18    XL:     11   Next: 84%
MP:   13/13         EV: 14    Int: 12    God:    Lugonu [*****.]
Gold: 1168          SH:  0    Dex: 11    Spells: 10/10 levels left

rFire    . . .     SeeInvis .   (weapon currently unavailable)
rCold    . . .     Gourm    .   (shield currently unavailable)
rNeg     . . .     Faith    .   (armour currently unavailable)
rPois    .         Spirit   .   (helmet currently unavailable)
rElec    .         Reflect  .   (cloak currently unavailable)
rCorr    .         Harm     .   (gloves currently unavailable)
MR       .....                  (boots currently unavailable)
Stlth    ++........             (no amulet)
HPRegen  0.26/turn              (ring currently unavailable)
MPRegen  0.13/turn              (ring currently unavailable)

@: pig-form, very quick
A: small
a: Depart the Abyss, Bend Space, Banish, Corrupt, Enter the Abyss, Renounce
Religion


You were on level 10 of the Dungeon.
You worshipped Lugonu.
Lugonu was extremely pleased with you.
You were not hungry.
You were a filthy swine.
You visited 2 branches of the dungeon, and saw 13 of its levels.
You visited the Abyss 1 time.

You collected 1168 gold pieces.

Inventory:

Hand Weapons
 a - a +2 hand axe
 k - a +1 war axe of draining (melded)
 B - a +0 war axe
 C - a +0 war axe of freezing
 D - a +0 war axe of venom
Missiles
 H - 9 boomerangs (quivered)
Armour
 f - a +1 plate armour (melded)
 h - a +0 helmet (melded)
 j - a scarf of spirit shield
 y - a +0 pair of gloves (melded)
 A - a +2 cloak of poison resistance (melded)
Wands
 e - a wand of paralysis (12)
 p - a wand of random effects (13)
 r - a wand of clouds (10)
 u - a wand of acid (8)
 F - a wand of flame (18)
 G - a wand of enslavement (8)
Scrolls
 g - 5 scrolls of remove curse
 o - 4 scrolls of fear
 q - 2 scrolls of magic mapping
 I - a scroll of teleportation
Potions
 b - 2 potions of invisibility
 d - a potion of haste
 i - 2 potions of mutation
 l - 3 potions of heal wounds
 m - 5 potions of curing
 n - 3 potions of brilliance
 s - a potion of degeneration
 t - 3 potions of ambrosia
 v - 3 potions of resistance
 x - 3 potions of might
 z - a potion of lignification {unknown}
Comestibles
 c - 12 rations


   Skills:
 + Level 10.1 Fighting
 + Level 15.8 Axes
 + Level 1.4 Throwing
 + Level 11.0 Armour
 + Level 1.6 Dodging
 + Level 2.1 Stealth
 + Level 3.6 Invocations


You had 10 spell levels left.
You didn't know any spells.
Your spell library contained the following spells:

 Spells                   Type           Power        Failure   Level  Hunger
 Blink                    Tloc           N/A          45%         2    ###....
 Slow                     Hex            #.......     45%         2    ###....
 Confuse                  Hex            #.......     69%         3    ####...
 Portal Projectile        Hex/Tloc       #.....       69%         3    ####...
 Leda's Liquefaction      Hex/Erth       #.........   97%         4    #####..
 Bolt of Magma            Conj/Fire/Erth #.........   100%        5    ######.
 Iskenderun's Battlesphe  Conj/Chrm      #.......     100%        5    ######.
 Venom Bolt               Conj/Pois      #.........   100%        5    ######.
 Dispersal                Tloc           #.........   100%        6    #######
 Iron Shot                Conj/Erth      #.........   100%        6    #######
 Orb of Destruction       Conj           #.........   100%        7    #######
 Spellforged Servitor     Conj/Summ      #.........   100%        7    #######


Dungeon Overview and Level Annotations

Branches:
Dungeon (12/15)            Temple (1/1) D:7            Lair (0/6) D:10
    Orc (0/2) D:10

Altars:
Ashenzari
Cheibriados
Dithmenos
Elyvilon
Fedhas
Gozag
Hepliaklqana
Kikubaaqudgha
Makhleb
Nemelex Xobeh
Okawaru
Qazlal
Ru
Sif Muna
Trog
Uskayaw
Vehumet
Wu Jian
Xom
Yredelemnul
Zin
The Shining One

Shops:
D:4 :   D:9 }

Annotations:
D:8 exclusion: oklob plant
D:11 Kirke
D:12 Psyche


Message History

Kirke gestures wildly while chanting.
Nothing appears to happen.
There is a stone staircase leading up here.
The shadow closely misses you.
The shadow slips into darkness.
The shadow flickers and vanishes!
Deactivating autopickup; reactivate with Ctrl-A.
You climb upwards.
Reactivating autopickup.
There is a stone staircase leading down here.
You start resting.
The shadow strikes at you from the darkness!
The shadow hits you!
* * * LOW HITPOINT WARNING * * *
The shadow slips into darkness.
The shadow flickers and vanishes!
Deactivating autopickup; reactivate with Ctrl-A.
You feel yourself speed up.
The shadow strikes at you from the darkness!
You die...

#.##.####)#####.###.# #.##.# #.#
#.###.# #.##.# #.# #.#...# #.##.#
#.# #.#.### #.##.# #.# #.#.#
#.##.# #.# #...# ##.##.#
#.######Z.### ####### ##.....#
#.#.......... ......# #.#.##h#
#.#.####..### #####.# ##..##.#
#.#.# #..# #.# ##..###.# #.#†#
#..# #.# ##...# #.# #.#.# #..#
#########....# #.# #.#.# #..###
.#...#8......###.# #.#.# #.....
##.>.'...........####.#.#####.###
#...#8......###.................
########....# ##.....#########..


There were no monsters in sight!

Vanquished Creatures
  2 two-headed ogres
  Nergalle (D:10)
  A manticore (D:8)
  An ugly thing (D:10)
  Joseph (D:10)
  A troll (D:11)
  A hornet (D:10)
  2 hippogriffs
  2 wyverns
  5 hogs (D:12)
  Duvessa (D:6)
  A hornet zombie (D:8)
  9 ice beasts
  4 orc warriors
  5 sky beasts
  A black bear (D:7)
  3 phantoms
  4 centaurs
  5 ogres
  3 necrophages
  5 big kobolds
  4 bullfrogs
  Dowan (D:6)
  A water moccasin zombie (D:6)
  A wyvern skeleton (D:7)
  3 scorpions
  6 killer bees
  5 wights (D:11)
  2 howler monkeys
  5 crimson imps
  3 bullfrog zombies (D:11)
  2 centaur zombies
  8 hounds
  A bullfrog skeleton (D:10)
  3 jellies
  A gnoll shaman (D:6)
  8 orc priests
  13 orc wizards
  2 centaur skeletons
  5 iguanas
  10 worker ants
  A hound zombie (D:10)
  12 gnolls
  2 worker ant zombies
  10 adders
  A howler monkey skeleton (D:7)
  3 shadow imps
  An adder zombie (D:9)
  2 adder skeletons
  4 worms
  2 dart slugs
  3 leopard geckos
  55 orcs
  2 ball pythons
  6 bats
  6 giant cockroaches
  5 goblins
  6 hobgoblins
  15 jackals
  8 quokkas
  4 frilled lizards
  31 kobolds
  A quokka skeleton (D:8)
  7 rats
329 creatures vanquished.

Vanquished Creatures (others)
  An orc wizard (D:5)
1 creature vanquished.

Grand Total: 330 creatures vanquished

Notes
Turn   | Place    | Note
-------+----------+-------------------------------------------
     0 | Abyss:1  | Ereth the Hill Orc Abyssal Knight began the quest for the
                  | Orb.
     0 | Abyss:1  | Reached XP level 1. HP: 19/19 MP: 2/2
    13 | D:1      | Escaped the Abyss
   205 | D:1      | Reached skill level 3 in Axes
   507 | D:1      | Reached XP level 2. HP: 24/27 MP: 3/3
  1048 | D:2      | Reached ** piety under Lugonu
  1108 | D:2      | Reached XP level 3. HP: 34/34 MP: 4/4
  1751 | D:3      | Reached skill level 1 in Stealth
  1751 | D:3      | Reached XP level 4. HP: 34/41 MP: 5/5
  1820 | D:3      | Reached skill level 4 in Axes
  1924 | D:3      | Reached skill level 1 in Dodging
  2262 | D:2      | Reached XP level 5. HP: 24/47 MP: 4/6
  2268 | D:2      | Reached skill level 5 in Fighting
  2487 | D:3      | Noticed a moth of wrath
  2490 | D:3      | Found a bloodstained altar of Trog.
  2715 | D:3      | Found a faded altar of an unknown god.
  2810 | D:3      | Found a white marble altar of Elyvilon.
  3305 | D:4      | Reached skill level 5 in Axes
  3563 | D:4      | Reached *** piety under Lugonu
  3683 | D:4      | Reached XP level 6. HP: 54/56 MP: 7/7
  3763 | D:4      | Found Ismaemau's Book Shoppe.
  3915 | D:4      | Noticed a phantom
  3970 | D:4      | Killed a phantom
  3970 | D:4      | Reached skill level 6 in Axes
  4165 | D:4      | Found a glowing golden altar of the Shining One.
  4167 | D:4      | Noticed an angel
  4174 | D:4      | Found a basalt altar of Yredelemnul.
  4312 | D:5      | Entered Level 5 of the Dungeon
  4478 | D:5      | Reached XP level 7. HP: 56/61 MP: 9/9
  4560 | D:5      | Found a snail-covered altar of Cheibriados.
  4635 | D:5      | Reached skill level 7 in Axes
  4824 | D:5      | Reached skill level 5 in Armour
  5030 | D:5      | Reached skill level 8 in Axes
  5030 | D:5      | Reached XP level 8. HP: 68/70 MP: 10/10
  5514 | D:6      | Reached skill level 9 in Axes
  6239 | D:6      | Noticed Dowan
  6240 | D:6      | Noticed Duvessa
  6683 | D:6      | Reached skill level 10 in Axes
  6687 | D:6      | Killed Duvessa
  6692 | D:6      | Killed Dowan
  6692 | D:6      | Reached XP level 9. HP: 53/78 MP: 11/11
  7466 | D:6      | Found a shimmering altar of Xom.
  7636 | D:7      | Found a shimmering blue altar of Sif Muna.
  8211 | D:7      | Reached **** piety under Lugonu
  8255 | D:7      | Found a staircase to the Ecumenical Temple.
  8264 | Temple   | Entered the Ecumenical Temple
  8469 | D:7      | Reached skill level 11 in Axes
  9623 | D:8      | Found a flagged portal.
  9726 | D:8      | Reached skill level 12 in Axes
  9748 | D:8      | Found a hazy altar of Hepliaklqana.
  9748 | D:8      | Noticed an oklob plant
  9790 | D:8      | Noticed a two-headed ogre
  9800 | D:8      | Killed a two-headed ogre
  9800 | D:8      | Reached XP level 10. HP: 20/88 MP: 12/12
 10248 | D:8      | Noticed a manticore
 10266 | D:8      | Killed a manticore
 10554 | D:8      | Reached skill level 13 in Axes
 10777 | D:9      | You fall into a shaft and drop 1 floor!
 10777 | D:10     | Entered Level 10 of the Dungeon
 10868 | D:10     | Noticed Nergalle
 11043 | D:9      | Reached ***** piety under Lugonu
 11193 | D:9      | Found Wufejay's Gadget Boutique.
 11738 | D:9      | Found a burning altar of Makhleb.
 12357 | D:10     | You fall into a shaft and drop 2 floors!
 12374 | D:12     | Reached skill level 10 in Armour
 12386 | D:12     | Reached skill level 14 in Axes
 12407 | D:12     | Noticed Kirke
 12419 | D:12     | Reached XP level 11. HP: 84/94 MP: 13/13
 12471 | D:12     | Noticed Psyche
 13096 | D:10     | Killed Nergalle
 13285 | D:10     | Found a staircase to the Lair.
 13289 | D:10     | Identified the Almanac of Spatial Enchantment
 13389 | D:10     | Found a staircase to the Orcish Mines.
 13769 | D:10     | Reached skill level 15 in Axes
 13903 | D:10     | Noticed Joseph
 13917 | D:10     | Killed Joseph
 14071 | D:11     | Noticed a two-headed ogre
 14084 | D:11     | Killed a two-headed ogre
 14770 | D:11     | Reached skill level 1 in Throwing
 14822 | D:11     | Noticed a brown ugly thing
 14849 | D:10     | Killed a brown ugly thing
 14849 | D:10     | Reached skill level 10 in Fighting
 15409 | D:12     | Noticed a harpy
 15409 | D:12     | Noticed a harpy
 15413 | D:12     | Noticed a lindwurm
 15578 | D:11     | Noticed a harpy
 15590 | D:10     | Slain by a shadow

Levels and vault maps discovered:
D:1:      psy_arrival_terrarium, layout_rooms
D:2:      layout_basic
D:3:      layout_basic, tgw_trog, chequers_ecumenical_altar_simple,
          elyvilon_altar_4
D:4:      layout_loops_ring, grunt_temple_overflow_holy_war, first_ration,
          serial_shops, nicolae_shop_trees, glass_columns_a
D:5:      layout_loops_ring, lemuel_doored_altar
D:6:      layout_loops_ring, lemuel_crystal_altar, uniq_duvessa
D:7:      kb_forest_paths, layout_basic, basic_altar
D:8:      layout_basic, enter_bailey_2, lemuel_oklob_altar
D:9:      layout_basic, bloody_makhleb, serial_shops,
          nicolae_shop_competitors_out_of_business
D:10:     minmay_goldmine, layout_loops_ring, lair_entry_dummy,
          hiddenorc1_lemuel, uniq_joseph, uniq_nergalle
D:11:     layout_gridville
D:12:     layout_irregular_city, uniq_jorgrun, uniq_psyche, uniq_kirke
Temple:   eino_temple_scatter_basement

Skill      XL: |  1  2  3  4  5  6  7  8  9 10 11 |
---------------+----------------------------------+-----
Axes           | 3 4 5 6 8 10 12 14 15 | 15.8
Fighting       | 4 5 6 8 9 10 | 10.1
Stealth        | 1 2 |  2.1
Dodging        | 1 |  1.6
Armour         | 3 4 5 6 8 10 11 | 11.0
Invocations    | 3 |  3.6
Throwing       | 1 |  1.4

Action                   |  1- 3 |  4- 6 |  7- 9 | 10-12 || total
-------------------------+-------+-------+-------+-------++-------
Melee: Hand axe          |   123 |   268 |     3 |       ||   394
       War axe           |       |       |   493 |   635 ||  1128
       Unarmed           |       |       |       |     3 ||     3
Throw: Stone             |     7 |     4 |       |       ||    11
       Boomerang         |       |       |       |     5 ||     5
Invok: Bend Space        |       |     3 |       |     1 ||     4
       Banish            |       |       |     3 |       ||     3
Evoke: Wand              |       |       |       |     1 ||     1
  Use: Scroll            |     3 |     7 |     6 |     9 ||    25
       Potion            |       |     1 |     1 |       ||     2
  Eat: Chunk             |     1 |     6 |     6 |     8 ||    21
       Ration            |     1 |     1 |     3 |     4 ||     9
Armor: Leather armour    |    16 |       |       |       ||    16
       Ring mail         |    13 |       |       |       ||    13
       Plate armour      |    30 |   183 |   406 |   410 ||  1029
Dodge: Dodged            |    55 |    73 |   132 |   167 ||   427
